[Event "Early-Titled-Tuesday-Blitz-September-26-2023"]
[Site "Chess.com"]
[Date "2023.09.26"]
[Round "1"]
[White "Dacean99"]
[Black "olakenn"]
[Result "1-0"]
[WhiteElo "2530"]
[BlackElo "1847"]
[TimeControl "180+1"]
[EndTime "8:01:27 PDT"]
[Termination "Dacean99 won by resignation"]

1. d4 Nf6 2. Nf3 d5 3. c4 c6 4. Nc3 g6 5. Bg5 Bg7 6. e3 O-O 7. Rc1 Bg4 8. h3 Bxf3 9. Qxf3 dxc4 10. Bxc4 Nbd7 11. O-O Nb6 12. Bb3 Nbd5 13. e4 Nxc3 14. bxc3 Nd7 15. Rfe1 e6 16. Bxd8 1-0

[Event "Early-Titled-Tuesday-Blitz-September-26-2023"]
[Site "Chess.com"]
[Date "2023.09.26"]
[Round "1"]
[White "Mikasinski"]
[Black "jup1978"]
[Result "1-0"]
[WhiteElo "2719"]
[BlackElo "2421"]
[TimeControl "180+1"]
[EndTime "8:03:25 PDT"]
[Termination "Mikasinski won by resignation"]

1. e4 e5 2. Nf3 Nf6 3. Nc3 Nc6 4. Bb5 Bb4 5. O-O O-O 6. d3 Bxc3 7. bxc3 d6 8. Re1 Ne7 9. d4 Ng6 10. dxe5 dxe5 11. Ba3 c6 12. Bxf8 Qxf8 13. Bd3 h6 14. h3 Be6 15. a4 Rd8 16. Rb1 b6 17. a5 c5 18. axb6 c4 19. bxa7 cxd3 20. cxd3 Ra8 21. Qa4 Nd7 22. d4 Qe7 23. d5 Bxh3 24. gxh3 Qf6 25.
Qxd7 Qxf3 26. Rb8+ Kh7 27. Rxa8 Nf4 28. Rh8+ Kxh8 29.
a8=Q+ Kh7 30. Qf5+ 1-0

[Event "Early-Titled-Tuesday-Blitz-September-26-2023"]
[Site "Chess.com"]
[Date "2023.09.26"]
[Round "1"]
[White "LileKoridze"]
[Black "CheckThis4"]
[Result "0-1"]
[WhiteElo "2377"]
[BlackElo "2681"]
[TimeControl "180+1"]
[EndTime "8:03:32 PDT"]
[Termination "CheckThis4 won by resignation"]

1. d4 Nf6 2. c4 e5 3. dxe5 Ng4 4.
Bf4 Bb4+ 5. Nd2 d6 6. a3 dxe5 7.
Bg3 Bxd2+ 8. Qxd2 Qxd2+ 9. Kxd2 Nc6 10. e3 Bf5 11. h3 Nf6 12. f3 O-O-O+ 13. Kc1 Na5 0-1

[Event "Early-Titled-Tuesday-Blitz-September-26-2023"]
[Site "Chess.com"]
[Date "2023.09.26"]
[Round "1"]
[White "OparinGrigoriy"]
[Black "kuba2006"]
[Result "1-0"]
[WhiteElo "2967"]
[BlackElo "2517"]
[TimeControl "180+1"]
[EndTime "8:03:37 PDT"]
[Termination "OparinGrigoriy won by resignation"]

1. c4 Nf6 2. Nc3 e6 3. e4 d5 4.
cxd5 exd5 5. e5 Nfd7 6. d4 c5 7. Nf3 Nc6 8. Bb5 cxd4 9. Nxd4 Qb6 10. Bxc6 bxc6 11. O-O Bc5 12. Na4 Qc7 13. Nxc5 Nxc5 14. Qc2 Nd7 15. e6 fxe6 16. Nxe6 Qd6 17. Nxg7+ Kd8 18.
Bg5+ Nf6 19. Nh5 Rf8 20. Nxf6 Rxf6 21. Qxh7 1-0

[Event "Early-Titled-Tuesday-Blitz-September-26-2023"]
[Site "Chess.com"]
[Date "2023.09.26"]
[Round "1"]
[White "Evgeny81"]
[Black "Predator0608"]
[Result "1-0"]
[WhiteElo "2759"]
[BlackElo "2453"]
[TimeControl "180+1"]
[EndTime "8:03:46 PDT"]
[Termination "Evgeny81 won by resignation"]

1. e4 c5 2. Nf3 d6 3. d4 cxd4 4. Nxd4 Nf6 5. Nc3 a6 6. Be3 e5 7. Nb3 Be6 8. Be2 Be7 9. O-O Nbd7 10. Re1 O-O 11. a4 b6 12. Bf1 Nc5 13. Nxc5 dxc5 14.
Qxd8 Rfxd8 15. Rad1 Kf8 16. Rxd8+ Bxd8 17. a5 Bd7 18.
Rd1 Bc6 19. f3 Nd7 20. Rd6 Ke7 21. Rxc6 Nb8 22. Nd5+ Kd7 23. Rxb6 1-0

[Event "Early-Titled-Tuesday-Blitz-September-26-2023"]
[Site "Chess.com"]
[Date "2023.09.26"]
[Round "1"]
[White "Gergo85"]
[Black "RCone"]
[Result "1-0"]
[WhiteElo "2698"]
[BlackElo "2397"]
[TimeControl "180+1"]
[EndTime "8:03:49 PDT"]
[Termination "Gergo85 won by resignation"]

1. c4 d6 2. Nf3 Nf6 3. Nc3 g6 4.
d3 Bg7 5. Rb1 O-O 6. b4 e5 7. g3 Nc6 8. Bg2 Bg4 9. O-O Qd7 10. b5 Ne7 11. Re1 Bh3 12. Bh1 h5 13.
Ng5 Bg4 14. Bxb7 c6 15. bxc6 Nxc6 16. Qa4 Rac8 17. Nd5 Rb8 18. Bxc6 Rxb1 19. Bxd7 Bxd7 20. Nxf6+ Bxf6 21. Qxd7 Bxg5 22. Qxd6 Rxc1 23. Rxc1 Bxc1 24. Qxe5 Rd8 25. c5 Ba3 26. c6 Bd6 27. c7 1-0

[Event "Early-Titled-Tuesday-Blitz-September-26-2023"]
[Site "Chess.com"]
[Date "2023.09.26"]
[Round "1"]
[White "Masterbeaterr"]
[Black "KaydenTroffChess"]
[Result "0-1"]
[WhiteElo "2446"]
[BlackElo "2750"]
[TimeControl "180+1"]
[EndTime "8:03:52 PDT"]
[Termination "KaydenTroffChess won by resignation"]

1. d4 Nf6 2. c4 g6 3. h4 c6 4. Nc3 d5 5. Bg5 Bg7 6. e3 h6 7. Bf4 Qb6 8. Qb3 Bf5 9. c5 Qxb3 10.
axb3 Ng4 11. Nf3 Nd7 12. b4 e5 13. dxe5 Ngxe5 14. Nxe5 Nxe5 15. b5 O-O 16. Be2 Nd3+ 17. Bxd3 Bxd3 18. bxc6 bxc6 19. Kd2 Bc4 20. Ra3 Rfd8 21.
Bd6 d4 22. exd4 Bxd4 23. f3 Bxc5 0-1

[Event "Early-Titled-Tuesday-Blitz-September-26-2023"]
[Site "Chess.com"]
[Date "2023.09.26"]
[Round "1"]
[White "SAInt_666"]
[Black "BeautiFullMindChess"]
[Result "1-0"]
[WhiteElo "2650"]
[BlackElo "2349"]
[TimeControl "180+1"]
[EndTime "8:04:10 PDT"]
[Termination "SAInt_666 won by resignation"]

1. e4 c5 2. Nf3 d6 3. Bb5+ Bd7 4.
Bxd7+ Qxd7 5. O-O Nc6 6. c3 Nf6 7. d4 cxd4 8. cxd4 Nxe4 9. d5 Ne5 10. Re1 Nxf3+ 11. Qxf3 Nf6 12. Nc3 O-O-O 13. Be3 Kb8 14. Qd1 g6 15. Qd4 b6 16. a4 Bg7 17. a5 b5 18. Nxb5 Nh5 19. Qb4 Ka8 20. Nxa7 Rb8 21. Qc4 e6 22. Nc6 1-0

[Event "Early-Titled-Tuesday-Blitz-September-26-2023"]
[Site "Chess.com"]
[Date "2023.09.26"]
[Round "1"]
[White "Arek_pacitan"]
[Black "zozik"]
[Result "1-0"]
[WhiteElo "2676"]
[BlackElo "2374"]
[TimeControl "180+1"]
[EndTime "8:04:13 PDT"]
[Termination "Arek_pacitan won by resignation"]

1. e4 e6 2. d4 d5 3. e5 c5 4.
c3 Nc6 5. Nf3 Qb6 6. a3 Bd7 7.
b4 cxd4 8. cxd4 Rc8 9. Be2 a5 10. b5 Nxd4 11. Nxd4 Rxc1 12. Qxc1 Qxd4 13. Qc3 Bc5 14.
O-O Ne7 15. Ra2 Qxc3 16. Nxc3 Bd4 17. Rc2 Bxe5 18. Na4 Bd4 19. Rc7 b6 20. Rfc1 Kd8 21. Rb7 Bc8 22. Rb8 Nf5 23. Rbxc8+ 1-0

[Event "Early-Titled-Tuesday-Blitz-September-26-2023"]
[Site "Chess.com"]
[Date "2023.09.26"]
[Round "1"]
[White "Denis_Makhnyov"]
[Black "IamSchrodingersCat"]
[Result "1-0"]
[WhiteElo "2918"]
[BlackElo "2505"]
[TimeControl "180+1"]
[EndTime "8:04:14 PDT"]
[Termination "Denis_Makhnyov won by resignation"]

1. f4 Nc6 2. Nf3 d5 3. g3 g6 4.
Bg2 Bg7 5. O-O e5 6. fxe5 Nxe5 7. Nxe5 Bxe5 8. d4 Bg7 9. Nc3 Ne7 10. Bg5 Be6 11.
e4 dxe4 12. d5 Bf5 13. g4 Bc8 14. Nxe4 h6 15. Bf6 O-O 16. Bxg7 1-0

[Event "Early-Titled-Tuesday-Blitz-September-26-2023"]
[Site "Chess.com"]
[Date "2023.09.26"]
[Round "1"]
[White "GMG"]
[Black "ATM622"]
[Result "1-0"]
[WhiteElo "2745"]
[BlackElo "2444"]
[TimeControl "180+1"]
[EndTime "8:04:14 PDT"]
[Termination "GMG won by resignation"]

1. e4 c6 2. d4 d5 3. e5 Bf5 4. h4 h5 5. Bg5 Nd7 6. Bd3 Bxd3 7. Qxd3 Qb6 8. Nc3 e6 9. Nf3 Bb4 10. O-O Ne7 11. Ne2 Nf5 12. Ng3 Nxg3 13. fxg3 f5 14. exf6 gxf6 15. Qg6+ Kd8 16. Bxf6+ Nxf6 17. Qxf6+ Kc7 18.
Qg7+ Kd6 19. c3 Ba5 20. Ne5 Qc7 21. Rf7 Qxf7 22. Nxf7+ 1-0

[Event "Early-Titled-Tuesday-Blitz-September-26-2023"]
[Site "Chess.com"]
[Date "2023.09.26"]
[Round "1"]
[White "drdaro"]
[Black "LoaySameer"]
[Result "0-1"]
[WhiteElo "2276"]
[BlackElo "2604"]
[TimeControl "180+1"]
[EndTime "8:04:15 PDT"]
[Termination "LoaySameer won by resignation"]

1. Nf3 Nf6 2. c4 g6 3. b3 Bg7 4.
Bb2 O-O 5. e3 d6 6. Be2 e5 7.
O-O c6 8. Nc3 Re8 9. e4 Nbd7 10.
Qc2 Nc5 11. b4 Ne6 12. g3 Nd4 13. Nxd4 exd4 14. Nd1 Nxe4 15. Bf3 Ng5 16. Bg2 Bh3 17. f4 Bxg2 18. Kxg2 Ne4 19. Qd3 c5 20.
f5 d5 21. bxc5 Nxc5 22. Qa3 b6 23. Nf2 dxc4 24. Rac1 Qd5+ 25. Kg1 Re2 26. Qb4 Nd3 0-1

[Event "Early-Titled-Tuesday-Blitz-September-26-2023"]
[Site "Chess.com"]
[Date "2023.09.26"]
[Round "1"]
[White "adapodadei"]
[Black "Shivananda1964"]
[Result "1-0"]
[WhiteElo "2725"]
[BlackElo "2424"]
[TimeControl "180+1"]
[EndTime "8:04:20 PDT"]
[Termination "adapodadei won by resignation"]

1. Nf3 Nf6 2. c4 Nc6 3. Nc3 e5 4. e4 Bb4 5. d3 Bxc3+ 6. bxc3 d6 7.
Be2 O-O 8. O-O Qe7 9. Ne1 Ne8 10. Nc2 f5 11. exf5 Bxf5 12. Ne3 Be6 13. d4 Bd7 14. Rb1 b6 15. Nd5 Qd8 16. Be3 Nf6 17. Bg5 Nxd5 18. Bxd8 Nxc3 19. Qe1 Nxe2+ 20. Qxe2 Nxd4 21. Qd2 Raxd8 22. f4 1-0

[Event "Early-Titled-Tuesday-Blitz-September-26-2023"]
[Site "Chess.com"]
[Date "2023.09.26"]
[Round "1"]
[White "Goi_Manne"]
[Black "Elprofessor21"]
[Result "0-1"]
[WhiteElo "2287"]
[BlackElo "2611"]
[TimeControl "180+1"]
[EndTime "8:04:21 PDT"]
[Termination "Elprofessor21 won by resignation"]

1. e4 c5 2. Nf3 d6 3. Bb5+ Nc6 4.
d4 cxd4 5. Qxd4 Bd7 6. Bxc6 Bxc6 7. O-O e5 8. Qd3 h6 9. c4 Nf6 10. Nc3 Be7 11. Be3 O-O 12. h3 a6 13. a4 Nxe4 14.
Nxe4 f5 15. Ned2 e4 16. Qe2 exf3 17. Nxf3 Bf6 18. Rfd1 Qe7 19. Rd2 Rae8 20. Qd1 Kh7 21.
Bd4 Bg5 22. Nxg5+ Qxg5 23. f3 Bxf3 24. Qxf3 Qxd2 25. Rf1 Qxd4+ 0-1

[Event "Early-Titled-Tuesday-Blitz-September-26-2023"]
[Site "Chess.com"]
[Date "2023.09.26"]
[Round "1"]
[White "DanielNaroditsky"]
[Black "Jaka_Brilej"]
[Result "1-0"]
[WhiteElo "3155"]
[BlackElo "2529"]
[TimeControl "180+1"]
[EndTime "8:04:29 PDT"]
[Termination "DanielNaroditsky won by resignation"]

1. e4 e6 2. d4 d5 3. Nd2 c5 4. Ngf3 cxd4 5. Nxd4 Nf6 6. exd5 Nxd5 7. N2f3 Bb4+ 8.
Bd2 Bxd2+ 9. Qxd2 O-O 10. Be2 Nc6 11. Nxc6 bxc6 12. O-O Qb6 13. c4 Nf6 14. b4 c5 15.
b5 Bb7 16. a4 a5 17. bxa6 Qxa6 18. a5 Rfd8 19. Qe3 Rac8 20. Rfb1 Bxf3 21. Bxf3 Rb8 22. Rxb8 Rxb8 23. Qxc5 Nd7 24. Qc7 Qc8 25. Qxc8+ Rxc8 26. a6 1-0

[Event "Early-Titled-Tuesday-Blitz-September-26-2023"]
[Site "Chess.com"]
[Date "2023.09.26"]
[Round "1"]
[White "toniv1"]
[Black "JiaHaoxiang"]
[Result "0-1"]
[WhiteElo "2343"]
[BlackElo "2646"]
[TimeControl "180+1"]
[EndTime "8:04:37 PDT"]
[Termination "JiaHaoxiang won by resignation"]

1. e4 c5 2. Nc3 Nc6 3. Bb5 Nd4 4. Nf3 g6 5. Nxd4 cxd4 6. Ne2 Bg7 7. O-O a6 8. Bd3 e6 9. c3 dxc3 10. bxc3 Ne7 11.
Bc2 O-O 12. d4 d5 13. Ba3 Re8 14. Rb1 Qc7 15. Bc5 Bd7 16. a4 dxe4 17. Bxe4 Bc6 18. Ng3 Nd5 19. Qf3 b5 20. axb5 axb5 21. Rfc1 f5 22.
Bc2 Nb4 23. Qe2 Nxc2 24. Qxc2 e5 25. c4 exd4 26. cxb5 Bd5 27. b6 Qb7 28. f3 Ra2 29. Rb2 d3 0-1

[Event "Early-Titled-Tuesday-Blitz-September-26-2023"]
[Site "Chess.com"]
[Date "2023.09.26"]
[Round "1"]
[White "Mystery2007"]
[Black "Dedic8"]
[Result "1-0"]
[WhiteElo "2499"]
[BlackElo "2813"]
[TimeControl "180+1"]
[EndTime "8:04:42 PDT"]
[Termination "Mystery2007 won by checkmate"]

1. e4 e5 2. Nf3 Nc6 3. Bc4 Nf6 4. Ng5 d5 5. exd5 Na5 6. Bb5+ c6 7. dxc6 bxc6 8. Bd3 Nd5 9. h4 Be7 10. Nf3 O-O 11.
Nc3 Bd6 12. Nxd5 cxd5 13. Bxh7+ Kxh7 14. Ng5+ Kg8 15. Qh5 Bf5 16. d3 e4 17. dxe4 dxe4 18. O-O Qf6 19. Bd2 Nc4 20. Bc3 Be5 21. Bxe5 Nxe5 22.
Rfe1 Bg4 23. Qh7# 1-0

[Event "Early-Titled-Tuesday-Blitz-September-26-2023"]
[Site "Chess.com"]
[Date "2023.09.26"]
[Round "1"]
[White "LionTheLeon_06"]
[Black "Cheer_Down"]
[Result "1-0"]
[WhiteElo "2817"]
[BlackElo "2475"]
[TimeControl "180+1"]
[EndTime "8:04:42 PDT"]
[Termination "LionTheLeon_06 won by resignation"]

1. e4 c5 2. Nf3 d6 3. d4 cxd4 4. Nxd4 Nf6 5. Nc3 a6 6. a4 e5 7. Nf3 Be7 8. Bg5 Be6 9. Bxf6 Bxf6 10. Nd5 O-O 11. Bc4 Nc6 12. O-O Rc8 13. Ba2 Ne7 14. c3 Nxd5 15. Bxd5 Bxd5 16. Qxd5 Qc7 17. Rfd1 Rfd8 18.
Ne1 Bg5 19. Nc2 Qb6 20. Qa2 a5 21. Rd3 Qc6 22. Rd5 b6 23. Na3 g6 24. Nb5 Rd7 25.
Rad1 Rcd8 26. g3 Kg7 27. Kg2 h5 28. h4 Bh6 29. Qb3 Qc5 30. Rxc5 1-0

[Event "Early-Titled-Tuesday-Blitz-September-26-2023"]
[Site "Chess.com"]
[Date "2023.09.26"]
[Round "1"]
[White "vovachesss"]
[Black "Smile2005"]
[Result "1-0"]
[WhiteElo "2733"]
[BlackElo "2432"]
[TimeControl "180+1"]
[EndTime "8:04:43 PDT"]
[Termination "vovachesss won by checkmate"]

1. e4 c5 2. Nf3 d6 3. d4 cxd4 4. Nxd4 Nf6 5. Nc3 a6 6. Rg1 e5 7. Nb3 h5 8. h3 Nc6 9. Be3 Be6 10. Qf3 Be7 11. O-O-O Qc7 12. g4 hxg4 13. hxg4 b5 14. g5 Nd7 15. g6 f6 16. Kb1 Nb6 17. Nd5 Bxd5 18. exd5 Nb4 19. c3 N4xd5 20. Rxd5 Nxd5 21. Qxd5 O-O-O 22. Qa8+ Kd7 23. Qxa6 Bf8 24. Bxb5+ Ke7 25.
Bb6 Qc8 26. Bxd8+ Kxd8 27. Qb6+ Ke7 28. Qa7+ Kd8 29. Na5 Qf5+ 30. Ka1 Qg4 31. Nc6+ Kc8 32. Ba6# 1-0

[Event "Early-Titled-Tuesday-Blitz-September-26-2023"]
[Site "Chess.com"]
[Date "2023.09.26"]
[Round "1"]
[White "marcodobrikov"]
[Black "IPAchess"]
[Result "1-0"]
[WhiteElo "2637"]
[BlackElo "2338"]
[TimeControl "180+1"]
[EndTime "8:04:46 PDT"]
[Termination "marcodobrikov won by resignation"]

1. Nc3 d5 2. e4 e6 3. d4 Bb4 4. e5 c5 5. a3 Bxc3+ 6. bxc3 Nc6 7.
Be3 Qa5 8. Qd2 f6 9. f4 Nge7 10. Nf3 Nf5 11. Bf2 c4 12. g4 Nfe7 13. exf6 gxf6 14.
g5 fxg5 15. Nxg5 Bd7 16. Bh3 Nf5 17. Bxf5 exf5 18. Qe3+ Kf8 19. O-O Re8 20. Qh3 h6 21. Qh5 Re7 22. Rae1 Be8 23. Qh3 Bg6 24. Rxe7 Nxe7 25.
Re1 Qxa3 26. Ne6+ Kf7 27. Bh4 Re8 28. Nc7 Rg8 29. Rxe7+ Qxe7 30. Bxe7 Kxe7 31. Nxd5+ Kd6 32. Ne3 1-0

[Event "Early-Titled-Tuesday-Blitz-September-26-2023"]
[Site "Chess.com"]
[Date "2023.09.26"]
[Round "1"]
[White "ChessQueen"]
[Black "amylazy"]
[Result "1-0"]
[WhiteElo "2745"]
[BlackElo "2445"]
[TimeControl "180+1"]
[EndTime "8:04:48 PDT"]
[Termination "ChessQueen won by resignation"]

1. Nf3 Nf6 2. d4 g6 3. c4 Bg7 4. Nc3 d5 5. cxd5 Nxd5 6. e3 O-O 7.
Bc4 Nxc3 8. bxc3 c5 9. O-O Nc6 10. a4 Na5 11. Ba2 Qc7 12. Ba3 b6 13. Qe2 Bb7 14.
Rfd1 Rad8 15. Rac1 c4 16. e4 Qc6 17. Bxe7 Rde8 18. d5 Qxa4 19. Bxf8 Bxf8 20. e5 Qb5 21. d6 Bxf3 22. Qxf3 Qxe5 23. d7 Rd8 24. Rd5 Qe7 25. Rcd1 Qa3 26. Bb1 Nb3 27. h4 Nc5 28. h5 Qa4 29.
hxg6 hxg6 30. Qg4 Nd3 31. R5xd3 cxd3 32. Qxa4 1-0

[Event "Early-Titled-Tuesday-Blitz-September-26-2023"]
[Site "Chess.com"]
[Date "2023.09.26"]
[Round "1"]
[White "ShiroglanTalibov"]
[Black "GKARU"]
[Result "1-0"]
[WhiteElo "2855"]
[BlackElo "2491"]
[TimeControl "180+1"]
[EndTime "8:04:49 PDT"]
[Termination "ShiroglanTalibov won by resignation"]

1. d4 Nf6 2. c4 e6 3. Nf3 d5 4. g3 Bb4+ 5. Bd2 a5 6. Bg2 O-O 7. Qc2 Ne4 8. O-O f5 9. a3 Bxd2 10. Nbxd2 b6 11. e3 Ba6 12. Rfc1 c6 13. Ne5 Qd6 14.
cxd5 cxd5 15. Nxe4 fxe4 16. Qc7 Qxc7 17. Rxc7 Bb5 18.
Bh3 Na6 19. Bxe6+ Kh8 20. Nf7+ Kg8 21. Nd6+ Kh8 22. Nxb5 Nxc7 23. Nxc7 Ra7 24. Nxd5 b5 25. Nc3 b4 26. axb4 Rfa8 27. bxa5 Rxa5 28. Rxa5 Rxa5 29.
Nxe4 Ra1+ 30. Kg2 Rb1 31. b3 g6 32. g4 Kg7 33. g5 h6 34. h4 Rb2 35. gxh6+ Kxh6 36. Bc4 Rb1 37. d5 Kh5 38. d6 Kxh4 39. Nd2 Rd1 40. Nf3+ Kh5 41. Nd4 Ra1 42. d7 Ra8 43. Nc6 1-0

[Event "Early-Titled-Tuesday-Blitz-September-26-2023"]
[Site "Chess.com"]
[Date "2023.09.26"]
[Round "1"]
[White "LikeWater"]
[Black "Zampronha1971"]
[Result "1-0"]
[WhiteElo "2602"]
[BlackElo "2274"]
[TimeControl "180+1"]
[EndTime "8:04:52 PDT"]
[Termination "LikeWater won by resignation"]

1. d4 Nf6 2. Nf3 e6 3. Bg5 c5 4. e4 Qa5+ 5. Bd2 Qb6 6. e5 Ne4 7. Bd3 Nxd2 8. Nbxd2 d5 9. dxc5 Bxc5 10. O-O Nc6 11.
c4 d4 12. Ne4 Bd7 13. a3 a5 14.
Rb1 Rd8 15. b4 axb4 16. axb4 Bxb4 17. c5 Qc7 18. Nd6+ Kf8 19. Qc1 Bc3 20. Rxb7 Qa5 21. Qf4 1-0

[Event "Early-Titled-Tuesday-Blitz-September-26-2023"]
[Site "Chess.com"]
[Date "2023.09.26"]
[Round "1"]
[White "Keeper0416"]
[Black "FMStan15"]
[Result "1-0"]
[WhiteElo "2548"]
[BlackElo "2097"]
[TimeControl "180+1"]
[EndTime "8:04:53 PDT"]
[Termination "Keeper0416 won by resignation"]

1. d4 Nf6 2. Bf4 g6 3. Nc3 Bg7 4. e4 d6 5. h4 h5 6. f3 O-O 7. Qd2 Kh7 8. Nh3 Bxh3 9. Rxh3 Nc6 10. O-O-O e5 11. dxe5 dxe5 12. Be3 Qxd2+ 13. Rxd2 Rad8 14.
Nb5 Rxd2 15. Bxd2 Rc8 16. c3 a6 17. Na3 b5 18. Be2 Bh6 19. Bxh6 Kxh6 20. Nc2 Ne7 21. Ne3 c6 22. Rh1 a5 23. a4 b4 24. Nc4 bxc3 25.
bxc3 Ra8 26. Nxe5 Kg7 27. Bc4 Ra7 28. Bxf7 Nd7 29. Nxd7 Kxf7 30. Nc5 Ke8 31. Kc2 Ng8 32. Rb1 Nf6 33. Rb8+ Ke7 34. Rb7+ Rxb7 35. Nxb7 Nd7 36. Nxa5 1-0

[Event "Early-Titled-Tuesday-Blitz-September-26-2023"]
[Site "Chess.com"]
[Date "2023.09.26"]
[Round "1"]
[White "Francisco_Ferrari"]
[Black "Kirill_Klukin"]
[Result "0-1"]
[WhiteElo "2420"]
[BlackElo "2718"]
[TimeControl "180+1"]
[EndTime "8:04:55 PDT"]
[Termination "Kirill_Klukin won by checkmate"]

1. e4 c5 2. Nf3 Nc6 3. d4 cxd4 4. Nxd4 e5 5. Nb5 d6 6. N1c3 a6 7. Na3 b5 8. Nd5 Nge7 9. c4 Nxd5 10. exd5 Nd4 11. cxb5 Bd7 12. bxa6 Qa5+ 13. Bd2 Qxd5 14. Nc4 Be7 15. Nb6 Qe4+ 16. Be3 Nc2+ 17. Kd2 Nxe3 18.
Qb3 Nxf1+ 19. Rhxf1 Bg5+ 20. Kd1 Qd4+ 21. Ke1 Qd2# 0-1

[Event "Early-Titled-Tuesday-Blitz-September-26-2023"]
[Site "Chess.com"]
[Date "2023.09.26"]
[Round "1"]
[White "JiiHart"]
[Black "TatjanaVasilevich"]
[Result "0-1"]
[WhiteElo "2168"]
[BlackElo "2565"]
[TimeControl "180+1"]
[EndTime "8:04:56 PDT"]
[Termination "TatjanaVasilevich won on time"]

1. e4 c5 2. c3 d5 3. exd5 Qxd5 4.
d4 Nc6 5. Nf3 cxd4 6. cxd4 e6 7.
Nc3 Qd8 8. Bd3 Nf6 9. h3 Be7 10. Be3 O-O 11. Rc1 a6 12. Bb1 b6 13. Qd3 Nb4 14.
Qe2 Bb7 15. a3 Nbd5 16. Ne5 Rc8 17. Nxd5 Qxd5 18. Nf3 Rxc1+ 19. Bxc1 Rc8 20. O-O Bd6 21. Bg5 Ne4 22. Bxe4 Qxe4 23. Qxe4 Bxe4 24. Nd2 Bd5 25. f3 Rc2 26. b4 f6 27. Kf2 fxg5 0-1

[Event "Early-Titled-Tuesday-Blitz-September-26-2023"]
[Site "Chess.com"]
[Date "2023.09.26"]
[Round "1"]
[White "Mops_2004"]
[Black "almaguerjm"]
[Result "1-0"]
[WhiteElo "2774"]
[BlackElo "2465"]
[TimeControl "180+1"]
[EndTime "8:05:05 PDT"]
[Termination "Mops_2004 won by resignation"]

1. g3 d5 2. Nf3 Nf6 3. Bg2 c5 4. O-O Nc6 5. d4 Bf5 6. dxc5 e6 7. c4 d4 8. b4 d3 9. exd3 Bxd3 10. Re1 Bxc4 11.
Qa4 a6 12. Na3 Bd5 13. Bb2 Be7 14. Rad1 O-O 15. Nc4 Nd7 16. Ne3 b5 17. Qc2 Nxb4 18. Qc3 Bf6 19. Qxb4 Bxb2 20. Qxb2 Nxc5 21. Nxd5 exd5 22. Nh4 Na4 23. Qd4 Rc8 24. Nf5 f6 25.
Ne7+ Kh8 26. Nxc8 Qxc8 27. Rc1 Qf5 28. Qxd5 Qg5 29. Qxg5 1-0

[Event "Early-Titled-Tuesday-Blitz-September-26-2023"]
[Site "Chess.com"]
[Date "2023.09.26"]
[Round "1"]
[White "nrvignesh"]
[Black "newyorkmouse"]
[Result "1-0"]
[WhiteElo "2854"]
[BlackElo "2493"]
[TimeControl "180+1"]
[EndTime "8:05:11 PDT"]
[Termination "nrvignesh won by resignation"]

1. Nf3 g6 2. e4 Bg7 3. d4 d6 4.
Nc3 Nf6 5. h3 O-O 6. Be3 a6 7.
Bd3 b5 8. Ne2 Bb7 9. Ng3 Nbd7 10. Qd2 c5 11. c3 Qc7 12. Bh6 Rac8 13. O-O Rfd8 14. Bxg7 Kxg7 15. Qg5 Nf8 16. d5 e6 17. c4 bxc4 18. Bxc4 exd5 19. Nf5+ Kg8 20. Qxf6 gxf5 21.
exd5 Qd7 22. Nh4 Ne6 23. Nxf5 Bxd5 24. Bxd5 Rb8 25. Rae1 1-0

[Event "Early-Titled-Tuesday-Blitz-September-26-2023"]
[Site "Chess.com"]
[Date "2023.09.26"]
[Round "1"]
[White "AradNazari"]
[Black "komogro"]
[Result "1-0"]
[WhiteElo "2809"]
[BlackElo "2473"]
[TimeControl "180+1"]
[EndTime "8:05:14 PDT"]
[Termination "AradNazari won by resignation"]

1. e4 g6 2. d4 Bg7 3. Nc3 d6 4. f4 Nc6 5. Nf3 Bg4 6. Be3 Bxf3 7. gxf3 d5 8. exd5 Nb4 9. Bb5+ Kf8 10. Bc4 Nf6 11. Qd2 Nfxd5 12. Nxd5 Nxd5 13. O-O-O e6 14. Kb1 Bf6 15. Bf2 Qd6 16. Bg3 Qc6 17. Be2 b5 18. h4 h5 19. c3 Rb8 20. Ka1 a5 21. Bd3 a4 22. a3 Qb6 23. Be4 Qd6 24. Rhg1 Qd7 25.
Rde1 Nb6 26. Qc2 Rg8 27. Bf2 Qd6 28. Rg2 Qxf4 29. Bg3 Qh6 30. Bxc7 Kg7 31. Bxb8 Rxb8 32. Reg1 1-0

[Event "Early-Titled-Tuesday-Blitz-September-26-2023"]
[Site "Chess.com"]
[Date "2023.09.26"]
[Round "1"]
[White "Javylavilla"]
[Black "karinachess1"]
[Result "0-1"]
[WhiteElo "2299"]
[BlackElo "2616"]
[TimeControl "180+1"]
[EndTime "8:05:14 PDT"]
[Termination "karinachess1 won by resignation"]

1. e3 e5 2. d4 Nc6 3. c3 d5 4. Nd2 Nf6 5. Bd3 e4 6. Be2 Ne7 7. Nh3 c6 8. Nf4 Nf5 9. c4 Bd6 10. cxd5 cxd5 11. Nb3 O-O 12. O-O Be6 13. Nxe6 fxe6 14.
h3 Bc7 15. f4 exf3 16. Bxf3 Qd6 17. Bd2 Ne4 18. Bxe4 Qh2+ 19. Kf2 dxe4 20. Bb4 Bg3+ 0-1

[Event "Early-Titled-Tuesday-Blitz-September-26-2023"]
[Site "Chess.com"]
[Date "2023.09.26"]
[Round "1"]
[White "seopie"]
[Black "whiteglovethief"]
[Result "1-0"]
[WhiteElo "2839"]
[BlackElo "2491"]
[TimeControl "180+1"]
[EndTime "8:05:15 PDT"]
[Termination "seopie won by resignation"]

1. d4 Nf6 2. c4 c5 3. d5 b5 4.
cxb5 a6 5. bxa6 g6 6. Nc3 Bg7 7. a7 Rxa7 8. e4 d6 9. Nf3 O-O 10. h3 Qa5 11. Bd2 Ba6 12. Nb5 Qb6 13. Nxa7 Nxe4 14.
Bxa6 Nxa6 15. Nc6 c4 16. O-O Bxb2 17. Qb1 c3 18. Qxe4 Bxa1 19. Rxa1 cxd2 20. Nxd2 e5 21. Nc4 Qc5 22. Ne3 Nc7 23. a4 f5 24. Qc4 f4 25.
Qxc5 dxc5 26. d6 Ne6 27. Nc4 e4 28. d7 Nd8 29. Nxd8 Rxd8 30. Nb6 c4 31. Nxc4 Kf7 32. Nb6 Ke7 33. a5 Rb8 34. a6 e3 35. fxe3 fxe3 36.
a7 1-0

[Event "Early-Titled-Tuesday-Blitz-September-26-2023"]
[Site "Chess.com"]
[Date "2023.09.26"]
[Round "1"]
[White "ContrVersia"]
[Black "viktorgen2021"]
[Result "1-0"]
[WhiteElo "2905"]
[BlackElo "2503"]
[TimeControl "180+1"]
[EndTime "8:05:17 PDT"]
[Termination "ContrVersia won by resignation"]

1. Nf3 Nf6 2. c4 g6 3. g3 Bg7 4. Bg2 O-O 5. O-O d6 6. d4 Nc6 7. Nc3 a6 8. d5 Na5 9. b3 c5 10.
dxc6 bxc6 11. Bb2 Rb8 12. Qd2 c5 13. Rad1 Nc6 14. Nd5 Ne8 15. Bxg7 Nxg7 16. h3 Bf5 17. Qh6 f6 18. Rfe1 Be4 19. Qe3 Bxf3 20. Qxf3 Nd4 21. Qd3 e6 22. Nc3 Ndf5 23. g4 Nh4 24. Qxd6 Qa5 25.
Ne4 Qxa2 26. Nxf6+ Kh8 27. Nd7 Nxg2 28. Kxg2 Rbd8 29. Qxc5 Rf7 30. Ne5 Rff8 31. Rxd8 Rxd8 32. Nf7+ 1-0

[Event "Early-Titled-Tuesday-Blitz-September-26-2023"]
[Site "Chess.com"]
[Date "2023.09.26"]
[Round "1"]
[White "Rainbow2014"]
[Black "amanmuhammethommadov"]
[Result "0-1"]
[WhiteElo "2292"]
[BlackElo "2615"]
[TimeControl "180+1"]
[EndTime "8:05:17 PDT"]
[Termination "amanmuhammethommadov won on time"]

1. e4 c5 2. Nf3 Nc6 3. Bb5 e6 4.
O-O Nge7 5. Re1 a6 6. Bf1 d5 7. e5 Ng6 8. c3 d4 9. d3 Be7 10. Nbd2 b5 11. a4 Bb7 12. cxd4 Nxd4 13. Nxd4 Qxd4 14.
Nf3 Qd5 15. axb5 axb5 16. Rxa8+ Bxa8 17. d4 c4 18. Bg5 O-O 19. Bxe7 Nxe7 20. Ng5 Nf5 21.
Qh5 h6 22. Ne4 Qxd4 23. Qg4 Bxe4 24. Rxe4 Qxb2 25. Qh5 Rd8 26. g4 Ne7 27. g5 Rd4 28. Re3 Rf4 29. gxh6 Qxf2+ 0-1